 Dungeon Sprint DCSS version 0.26-a0-466-g989023bd0d (webtiles) character file.

Game seed: 14216638389895270728

3062 Baz the Martial Artist (level 9, -1/90 HPs)
             Began as a Gnoll Transmuter on July 29, 2020.
             Was a High Priest of Wu Jian.
             Slain by an orc warrior
             ... wielding a +0 dire flail
              (11 damage)
             ... in the Dungeon (Sprint III: "The Ten Rune Challenge").
             The game lasted 00:05:49 (1526 turns).

Baz the Martial Artist (Gnoll Transmuter)           Turns: 1526, Time: 00:05:49

Health: -1/90      AC:  7    Str: 13    XL:     9   Next: 88%
Magic:  21/22      EV: 16    Int: 18    God:    Wu Jian [*****.]
Gold:   33         SH:  0    Dex: 16    Spells: 5/27 levels left

rFire    x . .     SeeInvis .     - Unarmed
rCold    + + +     Faith    .   (shield currently unavailable)
rNeg     . . .     Spirit   .   (armour currently unavailable)
rPois    +         Reflect  .   (helmet currently unavailable)
rElec    .         Harm     .   (cloak currently unavailable)
rCorr    .         NoTele   +   (gloves currently unavailable)
MR       .....                  (boots currently unavailable)
Stlth    ++++......             (no amulet)
HPRegen  0.25/turn              (no ring)
MPRegen  0.18/turn              (no ring)

@: ice-form, wereblooded
A: large, distributed training, strong nose
a: End Transformation, Wall Jump, Serpent's Lash, Heavenly Storm, Renounce
Religion


You were in the Dungeon.
You worshipped Wu Jian.
Wu Jian was extremely pleased with you.
You were a creature of crystalline ice.
You visited 1 branch You collected 33 gold pieces.

Inventory:

Hand Weapons
 n - a +2 long sword of holy wrath
Armour
 a - a +0 robe
 d - a +2 robe of cold resistance (melded)
Wands
 o - a wand of paralysis (11)
Scrolls
 b - 3 scrolls of identify {unknown}
 h - a scroll of blinking
 i - 2 scrolls of holy word {unknown}
 j - 2 scrolls of remove curse
 l - a scroll of fear {unknown}
Potions
 c - a potion of curing
 e - a potion of haste
 f - 2 potions of magic
 g - a potion of berserk rage
 k - 2 potions of flight {unknown}
 m - 5 potions of mutation


   Skills:
 + Level 8.6 Fighting
 + Level 8.2 Short Blades
 + Level 8.2 Long Blades
 + Level 8.2 Axes
 + Level 8.2 Maces & Flails
 + Level 8.2 Polearms
 + Level 8.2 Staves
 + Level 8.2 Slings
 + Level 8.2 Bows
 + Level 8.2 Crossbows
 + Level 8.2 Throwing
 + Level 8.2 Armour
 + Level 9.4 Dodging
 + Level 8.2 Stealth
 + Level 8.2 Shields
 + Level 10.4 Unarmed Combat
 + Level 9.6 Spellcasting
 + Level 6.8 Conjurations
 + Level 6.8 Hexes
 + Level 6.8 Summonings
 + Level 6.8 Necromancy
 + Level 6.8 Translocations
 + Level 7.9 Transmutations
 + Level 6.8 Fire Magic
 + Level 6.8 Ice Magic
 + Level 6.8 Air Magic
 + Level 6.8 Earth Magic
 + Level 6.8 Poison Magic
 + Level 9.0 Invocations
 + Level 8.2 Evocations


You had 5 spell levels left.
You knew the following spells:

 Your Spells              Type           Power        Failure   Level
a - Beastly Appendage     Tmut           #####.       1%          1
b - Spider Form           Tmut/Pois      #####.....   1%          3
c - Wereblood             Tmut           #####...     1%          2
d - Ice Form              Ice/Tmut       #####...     4%          4
e - Blade Hands           Tmut           #####.....   9%          5
f - Petrify               Tmut/Erth      #####...     4%          4
g - Confusing Touch       Hex            ####....     1%          3

Your spell library contained the following spells:

 Spells                   Type           Power        Failure   Level
 Gell's Gravitas          Tloc           ####......   1%          3
 Yara's Violent Unravell  Hex/Tmut       #####.....   11%         5
 Metabolic Englaciation   Hex/Ice        ####......   14%         5


Dungeon Overview and Level Annotations

Branches:
Dungeon (1/1)

Altars:
Dithmenos
Elyvilon
Kikubaaqudgha
Okawaru
Ru
Sif Muna
Trog
Uskayaw
Vehumet
Wu Jian
Yredelemnul
Zin
The Shining One
Beogh


Innate Abilities, Weirdness & Mutations

Your experience applies equally to all skills.
((You have very sharp teeth.))
Your uncanny sense of smell can sniff out nearby items.


Message History

Unknown command.
You spin and attack the orc warrior.
You hit the orc warrior but do no damage.
The orc warrior hits you with a +0 dire flail!
Unknown command.
You pummel the orc!! You freeze the orc.
You kill the orc!
The Council accepts your kill. The orc warrior misses you.
The orc throws a boomerang.
The boomerang completely misses you.
The weapon returns to the orc!
You hit the orc warrior but do no damage.
The orc warrior hits you with a +0 dire flail!!
* * * LOW HITPOINT WARNING * * *
The orc closely misses you.
Unknown command.
Unknown command.
You hit the orc warrior. You freeze the orc warrior.
The orc warrior is lightly wounded.
The orc warrior hits you with a +0 dire flail!
You die...

♣♣..###'#'###'##$$
.. ∆
♣♣..#..........#$$.o
∆
♣♣..'.⌠........#$#$
∆∆ ∆∆∆
≈♣♣.#...######'#.$ ∆
∆∆ ∆ ....#.⌠.#
#...#o#############
....#...#∆
#...#o)§≈≈'.#.()..+
....#'###
#...#o#§§§#.#.#)..#
....#)).#
#...o)#.§§#.#.#...#
....#___#
+...#Y#..§#...#...#
▓▓▓▓▓▓▓▓▓
▓▓▓▓▓▓▓▓▓▓▓▓▓▓▓▓▓▓#
∆∆


You could see an orc warrior, an orc wizard and 2 orcs.

Vanquished Creatures
  A centaur warrior (D)
  Erica (D)
  A deep elf mage (D)
  A shadow (D)
  4 orc warriors (D)
  A necrophage (D)
  2 centaurs (D)
  An earth elemental (D)
  A water elemental (D)
  A jelly (D)
  A wizard (D)
  Jessica (D)
  A necromancer (D)
  3 humans (D)
  A kobold demonologist (D)
  A phantom (D)
  6 orcs (D)
  3 rats (D)
31 creatures vanquished.

Notes
Turn   | Place    | Note
-------+----------+-------------------------------------------
     0 | D        | Baz the Gnoll Transmuter began the quest for the Orb.
     0 | D        | Reached XP level 1. HP: 17/17 MP: 6/6
    44 | D        | Noticed Jessica
    50 | D        | Killed Jessica
    50 | D        | Reached skill level 1 in Short Blades
    50 | D        | Reached skill level 1 in Long Blades
    50 | D        | Reached skill level 1 in Axes
    50 | D        | Reached skill level 1 in Maces & Flails
    50 | D        | Reached skill level 1 in Polearms
    50 | D        | Reached skill level 1 in Staves
    50 | D        | Reached skill level 1 in Slings
    50 | D        | Reached skill level 1 in Bows
    50 | D        | Reached skill level 1 in Crossbows
    50 | D        | Reached skill level 1 in Throwing
    50 | D        | Reached skill level 1 in Armour
    50 | D        | Reached skill level 1 in Stealth
    50 | D        | Reached skill level 1 in Shields
    50 | D        | Reached skill level 5 in Spellcasting
    50 | D        | Reached skill level 1 in Conjurations
    50 | D        | Reached skill level 1 in Hexes
    50 | D        | Reached skill level 1 in Summonings
    50 | D        | Reached skill level 1 in Necromancy
    50 | D        | Reached skill level 1 in Translocations
    50 | D        | Reached skill level 1 in Fire Magic
    50 | D        | Reached skill level 1 in Ice Magic
    50 | D        | Reached skill level 1 in Air Magic
    50 | D        | Reached skill level 1 in Earth Magic
    50 | D        | Reached skill level 1 in Poison Magic
    50 | D        | Reached skill level 1 in Evocations
    50 | D        | Reached XP level 2. HP: 24/24 MP: 6/8
    50 | D        | Reached XP level 3. HP: 29/29 MP: 6/9
    74 | D        | Learned a level 3 spell: Spider Form
    77 | D        | Learned a level 2 spell: Wereblood
   116 | D        | Reached skill level 5 in Dodging
   379 | D        | Noticed a water elemental
   387 | D        | Killed a water elemental
   387 | D        | Reached skill level 7 in Unarmed Combat
   387 | D        | Reached XP level 4. HP: 12/37 MP: 8/11
   699 | D        | Found a glowing silver altar of Zin.
   699 | D        | Found a glowing golden altar of the Shining One.
   699 | D        | Found a white marble altar of Elyvilon.
   700 | D        | Noticed a deep elf mage
   711 | D        | Killed a deep elf mage
   711 | D        | Reached skill level 5 in Short Blades
   711 | D        | Reached skill level 5 in Long Blades
   711 | D        | Reached skill level 5 in Axes
   711 | D        | Reached skill level 5 in Maces & Flails
   711 | D        | Reached skill level 5 in Polearms
   711 | D        | Reached skill level 5 in Staves
   711 | D        | Reached skill level 5 in Slings
   711 | D        | Reached skill level 5 in Bows
   711 | D        | Reached skill level 5 in Crossbows
   711 | D        | Reached skill level 5 in Throwing
   711 | D        | Reached skill level 5 in Armour
   711 | D        | Reached skill level 5 in Stealth
   711 | D        | Reached skill level 5 in Shields
   711 | D        | Reached skill level 8 in Unarmed Combat
   711 | D        | Reached skill level 5 in Transmutations
   711 | D        | Reached skill level 5 in Invocations
   711 | D        | Reached skill level 5 in Evocations
   711 | D        | Reached XP level 5. HP: 43/46 MP: 7/14
   711 | D        | Reached XP level 6. HP: 49/52 MP: 8/16
   711 | D        | Reached XP level 7. HP: 54/58 MP: 8/17
   713 | D        | Found a hide-covered altar of Uskayaw.
   713 | D        | Found a roughly hewn altar of Beogh.
   713 | D        | Found an iron altar of Okawaru.
   713 | D        | Found a bloodstained altar of Trog.
   713 | D        | Found an ornate altar of the Wu Jian Council.
   713 | D        | Noticed a human
   713 | D        | Noticed a human
   720 | D        | Killed a human
   723 | D        | Killed a human
   723 | D        | Reached skill level 9 in Unarmed Combat
   723 | D        | Reached skill level 5 in Conjurations
   723 | D        | Reached skill level 5 in Hexes
   723 | D        | Reached skill level 5 in Summonings
   723 | D        | Reached skill level 5 in Necromancy
   723 | D        | Reached skill level 5 in Translocations
   723 | D        | Reached skill level 5 in Fire Magic
   723 | D        | Reached skill level 5 in Ice Magic
   723 | D        | Reached skill level 5 in Air Magic
   723 | D        | Reached skill level 5 in Earth Magic
   723 | D        | Reached skill level 5 in Poison Magic
   776 | D        | Learned a level 4 spell: Ice Form
   804 | D        | Learned a level 5 spell: Blade Hands
   824 | D        | Became a worshipper of the Wu Jian Council
   833 | D        | Found a basalt altar of Yredelemnul.
   833 | D        | Found a shadowy altar of Dithmenos.
   833 | D        | Found a sacrificial altar of Ru.
   836 | D        | Reached XP level 8. HP: 65/65 MP: 16/20
   868 | D        | Noticed a shadow
   878 | D        | Reached * piety under Wu Jian
   881 | D        | Killed a shadow
  1109 | D        | Found a radiant altar of Vehumet.
  1109 | D        | Found a shimmering blue altar of Sif Muna.
  1109 | D        | Found an ancient bone altar of Kikubaaqudgha.
  1117 | D        | Noticed a hellwing
  1119 | D        | Reached ** piety under Wu Jian
  1146 | D        | Learned a level 4 spell: Petrify
  1150 | D        | Learned a level 3 spell: Confusing Touch
  1174 | D        | Noticed Erica
  1189 | D        | Killed Erica
  1189 | D        | Reached XP level 9. HP: 73/73 MP: 19/21
  1265 | D        | Noticed a centaur warrior
  1278 | D        | Reached *** piety under Wu Jian
  1279 | D        | Killed a centaur warrior
  1279 | D        | Reached skill level 10 in Unarmed Combat
  1492 | D        | Found a roughly hewn altar of Beogh.
  1505 | D        | Reached **** piety under Wu Jian
  1520 | D        | Reached ***** piety under Wu Jian
  1526 | D        | Slain by an orc warrior

Illustrated notes

Levels and vault maps discovered:
D:        dungeon_sprint_mu [sprint_mu_entry_forest, sprint_mu_temple_rooms,
          sprint_mu_d1_horrors, sprint_mu_d2_genie, sprint_mu_d3_branching,
          sprint_mu_orc_legion, sprint_mu_elf_gauntlet, sprint_mu_hive_nellie,
          sprint_mu_lair_fedhas, sprint_mu_vaults_butterflies,
          sprint_mu_slime_circle, sprint_mu_swamp_cave, sprint_mu_shoals_kraken,
          sprint_mu_blade_basic, sprint_mu_crypt_fortress,
          sprint_mu_tomb_spiral, sprint_mu_vestibule_basic,
          sprint_mu_gehenna_hellfire, sprint_mu_dis_giant,
          sprint_mu_tartarus_statrot, sprint_mu_cocytus_islands, sprint_mu_zot1]

Skill      XL: |  1  2  3  4  5  6  7  8  9 |
---------------+----------------------------+-----
Fighting       | 3 4 6 7 8 |  8.6
Short Blades   | 1 3 5 6 7 8 |  8.2
Long Blades    | 1 3 5 6 7 8 |  8.2
Axes           | 1 3 5 6 7 8 |  8.2
Maces & Flails | 1 3 5 6 7 8 |  8.2
Polearms       | 1 3 5 6 7 8 |  8.2
Staves         | 1 3 5 6 7 8 |  8.2
Slings         | 1 3 5 6 7 8 |  8.2
Bows           | 1 3 5 6 7 8 |  8.2
Crossbows      | 1 3 5 6 7 8 |  8.2
Throwing       | 1 3 5 6 7 8 |  8.2
Armour         | 1 3 5 6 7 8 |  8.2
Stealth        | 1 3 5 6 7 8 |  8.2
Shields        | 1 3 5 6 7 8 |  8.2
Spellcasting   | 5 7 8 9 |  9.6
Conjurations   | 1 2 4 5 6 |  6.8
Hexes          | 1 2 4 5 6 |  6.8
Summonings     | 1 2 4 5 6 |  6.8
Necromancy     | 1 2 4 5 6 |  6.8
Translocations | 1 2 4 5 6 |  6.8
Transmutations | 4 5 6 7 |  7.9
Fire Magic     | 1 2 4 5 6 |  6.8
Ice Magic      | 1 2 4 5 6 |  6.8
Air Magic      | 1 2 4 5 6 |  6.8
Earth Magic    | 1 2 4 5 6 |  6.8
Poison Magic   | 1 2 4 5 6 |  6.8
Invocations    | 2 3 5 6 7 9 |  9.0
Evocations     | 1 3 5 6 7 8 |  8.2
Dodging        | 5 7 8 9 |  9.4
Unarmed Combat | 7 8 9 10 | 10.4

Action                   |  1- 3 |  4- 6 |  7- 9 || total
-------------------------+-------+-------+-------++-------
Melee: Unarmed           |    30 |     7 |    91 ||   128
       Kick              |     5 |       |       ||     5
 Cast: Beastly Appendage |     2 |       |       ||     2
       Spider Form       |     1 |     1 |     5 ||     7
       Wereblood         |       |     1 |     2 ||     3
       Ice Form          |       |       |     2 ||     2
Invok: Lunge             |       |       |     2 ||     2
       Whirlwind         |       |       |     9 ||     9
  Use: Potion            |       |       |     2 ||     2
 Stab: Sleeping          |     1 |     1 |     2 ||     4
Armor: Robe              |     4 |       |       ||     4
       Skin              |       |       |     2 ||     2
Dodge: Dodged            |    18 |     5 |    56 ||    79

Table legend: (Time is in decaauts)
 A = Elapsed time spent in this place.
 B = Non-inter-level travel time spent in this place.
 C = Inter-level travel time spent in this place.
 D = Time resting spent in this place.
 E = Time spent auto-exploring this place.
 F = Levels seen in this place.
 G = Mean time per level.
                   A        B        C        D        E       F      G
               +--------+--------+--------+--------+--------+-----+--------+
         Total |   1520 |   1520 |      0 |   1056 |      0 |   1 | 1520.0 |
       Dungeon |   1520 |   1520 |      0 |   1056 |      0 |   1 | 1520.0 |
               +--------+--------+--------+--------+--------+-----+--------+

Top non-repeatable levels by time:
       D: 1520 daAuts
